[Event "ICC tourney 2499 (45 10)"]
[Site "Internet Chess Club"]
[Date "2021.04.10"]
[Round "1"]
[White "McQuillin, Danil Alsandair:DanilMcQuillin"]
[Black "Ramkumar, Nikhil:nikhilramkumar"]
[Result "1-0"]
[ICCResult "Black resigns"]
[WhiteElo "1193"]
[BlackElo "667"]
[Opening "Dutch with c4 & Nc3"]
[ECO "A85"]
[NIC "HD.05"]
[Time "11:02:11"]
[PlyCount "28"]
[TimeControl "2700+10"]

1. c4 f5 2. Nc3 Nf6 3. d4 e6 4. e3 Bb4 5. Bd3 c6 6. h4 h5 7. Ne2 d5 8. Nf4
Nbd7 9. Nxe6 Qe7 10. Nc7+ Kf8 11. Nxa8 Qd6 12. Bd2 c5 13. Nb5 Bxd2+ 14.
Qxd2 Qc6 { Black resigns } 1-0

[Event "ICC tourney 2499 (45 10)"]
[Site "Internet Chess Club"]
[Date "2021.04.10"]
[Round "1"]
[White "DEL TORA, MIGUEL:mdeltoro11"]
[Black "CAI, ALAN ZHUOCHENG:flying-ninja"]
[Result "0-1"]
[ICCResult "White checkmated"]
[WhiteElo "991"]
[BlackElo "1276"]
[Opening "Queen's pawn, Mason variation"]
[ECO "D00"]
[NIC "QP.08"]
[Time "11:02:08"]
[PlyCount "80"]
[TimeControl "2700+10"]

1. d4 d5 2. Bf4 e6 3. Nf3 c5 4. e3 Nc6 5. Nc3 a6 6. b3 Qa5 7. Qd2 cxd4 8.
exd4 Bb4 9. Qc1 Bxc3+ 10. Bd2 Bxd2+ 11. Qxd2 Qxd2+ 12. Nxd2 Nxd4 13. Bd3
Nf6 14. O-O O-O 15. c4 Bd7 16. c5 Rac8 17. b4 Bb5 18. Bxb5 Nxb5 19. a4 Nd4
20. a5 Nd7 21. Rac1 Ne2+ 22. Kh1 Nxc1 23. Rxc1 Rc7 24. Nb3 Rfc8 25. h3 b6
26. axb6 Nxb6 27. Na5 Nc4 28. Nxc4 dxc4 29. Rxc4 a5 30. Rd4 axb4 31. Rxb4
Rxc5 32. Rb7 g6 33. Kh2 Rc2 34. f4 Rd2 35. h4 Rcc2 36. Rb8+ Kg7 37. Kh3
Rxg2 38. Rd8 Rgd2 39. Rb8 Rc3+ 40. Kg4 Rg2# { White checkmated } 0-1

[Event "ICC tourney 2499 (45 10)"]
[Site "Internet Chess Club"]
[Date "2021.04.10"]
[Round "1"]
[White "DINESH KHANNA, NIKITHA SRI:NikiSDKChess"]
[Black "WU, WINSTON:qjet"]
[Result "0-1"]
[ICCResult "White checkmated"]
[WhiteElo "615"]
[BlackElo "1174"]
[Opening "French: Winawer, fingerslip variation"]
[ECO "C15"]
[NIC "FR.08"]
[Time "11:02:27"]
[PlyCount "78"]
[TimeControl "2700+10"]

1. e4 e6 2. Nc3 d5 3. d4 Bb4 4. Bd2 Bxc3 5. Bxc3 dxe4 6. d5 Nf6 7. dxe6
Bxe6 8. Qxd8+ Kxd8 9. Rd1+ Ke7 10. Bb4+ Ke8 11. c4 Nc6 12. Ne2 Nxb4 13. Nc3
Ke7 14. Rc1 c6 15. a3 Nd3+ 16. Bxd3 exd3 17. c5 Rad8 18. O-O d2 19. Rc2 Bb3
20. Rxd2 Rxd2 21. a4 Rhd8 22. h3 Rd1 23. Nxd1 Rxd1 24. Rxd1 Bxd1 25. a5 Ne4
26. Kf1 Nxc5 27. b4 Nd3 28. Kg1 Nxb4 29. Kh2 c5 30. g4 c4 31. h4 c3 32. g5
c2 33. h5 c1=Q 34. g6 hxg6 35. hxg6 fxg6 36. Kg3 Qg5+ 37. Kh3 Bf3 38. a6
Qg4+ 39. Kh2 Qg2# { White checkmated } 0-1

[Event "ICC tourney 2499 (45 10)"]
[Site "Internet Chess Club"]
[Date "2021.04.10"]
[Round "1"]
[White "SARAVIA, KYLE AUSTIN:Kyle45"]
[Black "STONE, GILBERT L:tightfist"]
[Result "1-0"]
[ICCResult "Black resigns"]
[WhiteElo "1100"]
[BlackElo "1450"]
[Opening "French defense"]
[ECO "C00"]
[NIC "FR.01"]
[Time "11:02:12"]
[PlyCount "69"]
[TimeControl "2700+10"]

1. e4 e6 2. Nf3 d5 3. exd5 exd5 4. d4 Be7 5. Bd3 Nf6 6. c3 O-O 7. Be3 Bg4
8. Nbd2 Nbd7 9. Qc2 c6 10. Bf4 Re8 11. O-O Qb6 12. h3 Bxf3 13. Nxf3 Rac8
14. Be3 c5 15. dxc5 Bxc5 16. Nd4 Bxd4 17. Bxd4 Qxd4 18. cxd4 Rxc2 19. Bxc2
Re2 20. Rac1 g6 21. Rfe1 Rd2 22. Red1 Re2 23. Kf1 Re6 24. Bd3 Nb6 25. a3
Re7 26. Re1 Rd7 27. Bb5 Rd8 28. Rc7 Rb8 29. Ree7 a6 30. Rxb7 Rxb7 31. Rxb7
axb5 32. Rxb6 Kg7 33. Rxb5 g5 34. a4 h5 35. a5 { Black resigns } 1-0

[Event "ICC tourney 2499 (45 10)"]
[Site "Internet Chess Club"]
[Date "2021.04.10"]
[Round "1"]
[White "PARK, COLIN:collywog"]
[Black "SPERBER, JACOB:jacobsperber"]
[Result "0-1"]
[ICCResult "White resigns"]
[WhiteElo "1135"]
[BlackElo "1457"]
[Opening "Sicilian"]
[ECO "B50"]
[NIC "SI.01"]
[Time "11:02:13"]
[PlyCount "50"]
[TimeControl "2700+10"]

1. e4 c5 2. Nf3 d6 3. Nc3 Nf6 4. Bc4 e6 5. O-O Be7 6. d3 O-O 7. Be3 a6 8.
d4 b5 9. Be2 cxd4 10. Bxd4 e5 11. Be3 Bb7 12. Nh4 Nxe4 13. Nxe4 Bxe4 14.
Bf3 Bxf3 15. Qxf3 e4 16. Qg4 Bxh4 17. Bh6 Qf6 18. Qxe4 Nd7 19. Be3 Rfe8 20.
Qc6 Ne5 21. Qb6 Nc4 22. Qd4 Nxe3 23. fxe3 Qxd4 24. exd4 Re2 25. Rf4 Bf6 {
White resigns } 0-1

[Event "ICC tourney 2499 (45 10)"]
[Site "Internet Chess Club"]
[Date "2021.04.10"]
[Round "1"]
[White "HARVEY, JAMES Slade:JamesS"]
[Black "FENG, AARON:aaronfeng"]
[Result "1/2-1/2"]
[ICCResult "Game drawn by mutual agreement"]
[WhiteElo "1442"]
[BlackElo "1090"]
[Opening "Giuoco Pianissimo"]
[ECO "C55"]
[NIC "IG.01"]
[Time "11:02:09"]
[PlyCount "28"]
[TimeControl "2700+10"]

1. e4 e5 2. Nf3 Nc6 3. Bc4 Nf6 4. d3 Bc5 5. c3 O-O 6. O-O d6 7. h3 Be6 8.
Bxe6 fxe6 9. b4 Bb6 10. a4 a5 11. b5 Ne7 12. Qb3 Qd7 13. Ba3 Ng6 14. g3
Nxe4 { Game drawn by mutual agreement } 1/2-1/2

[Event "ICC tourney 2499 (45 10)"]
[Site "Internet Chess Club"]
[Date "2021.04.10"]
[Round "1"]
[White "wang, William Kaiyuan:williamw601"]
[Black "KHAN, SAMI SHARAF:sami786"]
[Result "0-1"]
[ICCResult "White resigns"]
[WhiteElo "1300"]
[BlackElo "1011"]
[Opening "Sicilian defense"]
[ECO "B40"]
[NIC "SI.43"]
[Time "11:02:15"]
[PlyCount "62"]
[TimeControl "2700+10"]

1. e4 c5 2. Nf3 e6 3. b3 Nc6 4. Bb2 d6 5. Bc4 Nf6 6. Qe2 a6 7. a4 Be7 8. c3
Na5 9. e5 dxe5 10. Nxe5 Nxc4 11. Nxc4 Bd7 12. O-O O-O 13. d3 Nd5 14. Nbd2
Bc6 15. Nf3 Bf6 16. Nce5 Nf4 17. Qe3 Bxe5 18. Nxe5 Qg5 19. Qg3 Ne2+ 20. Kh1
Nxg3+ 21. fxg3 Qxe5 22. Rab1 Rad8 23. c4 Qe2 24. Rg1 Qc2 25. Ba3 Bxg2+ 26.
Rxg2 Qxb1+ 27. Rg1 Qxb3 28. Bxc5 Rfe8 29. Bf2 Qxd3 30. Rg2 Qf3 31. Bg1 Rd2
{ White resigns } 0-1

[Event "ICC tourney 2499 (45 10)"]
[Site "Internet Chess Club"]
[Date "2021.04.10"]
[Round "1"]
[White "DONAYRE, LUCA ALONSO:Ldon22"]
[Black "Goldblatt, Steven:SGOLD9367"]
[Result "1-0"]
[ICCResult "Black resigns"]
[WhiteElo "1046"]
[BlackElo "1390"]
[Opening "French: exchange variation"]
[ECO "C01"]
[NIC "FR.01"]
[Time "11:02:12"]
[PlyCount "117"]
[TimeControl "2700+10"]

1. e4 e6 2. d4 d5 3. exd5 exd5 4. h3 Nf6 5. Nf3 Bd6 6. Bg5 h6 7. Be3 Nc6 8.
Bb5 Bd7 9. c3 O-O 10. O-O a6 11. Ba4 Re8 12. Re1 b5 13. Bb3 Na5 14. Nbd2 c6
15. a4 Bf5 16. axb5 axb5 17. Bc2 Ne4 18. Nxe4 dxe4 19. Nd2 Qh4 20. Nb3 Nc4
21. Rb1 Re6 22. d5 Rg6 23. Kf1 Bxh3 24. gxh3 Qxh3+ 25. Ke2 Qf3+ 26. Kf1
Qh3+ 27. Ke2 Rg2 28. Rh1 Qf3+ 29. Ke1 Rxf2 30. Qxf3 Rxf3 31. Bc1 Bg3+ 32.
Ke2 Rf2+ 33. Kd1 e3 34. Bd3 Rd8 35. Bxc4 bxc4 36. Nd4 Rxd5 37. Bxe3 Rf3 38.
Ke2 Rf6 39. Rbg1 Bd6 40. Rxh6 Rxh6 41. Bxh6 Bc5 42. Rxg7+ Kh8 43. Rxf7 Bxd4
44. cxd4 Rxd4 45. Bg7+ Kg8 46. Bxd4 Kxf7 47. Ke3 Ke6 48. Ke4 Kd6 49. Be3 c5
50. Bf4+ Kc6 51. Ke5 Kb5 52. Kd5 Kb4 53. Be5 Kb5 54. Bc3 Kb6 55. Kxc4 Kc6
56. Bd2 Kb6 57. Be3 Ka5 58. Bxc5 Ka4 59. b4 { Black resigns } 1-0

[Event "ICC tourney 2499 (45 10)"]
[Site "Internet Chess Club"]
[Date "2021.04.10"]
[Round "1"]
[White "JACOBS, STEVE:Steviejay"]
[Black "BASHUR, MICHAEL:MBashur"]
[Result "1/2-1/2"]
[ICCResult "Game drawn by mutual agreement"]
[WhiteElo "1372"]
[BlackElo "1031"]
[Opening "Queen's Pawn"]
[ECO "A41"]
[NIC "QO.17"]
[Time "11:02:26"]
[PlyCount "110"]
[TimeControl "2700+10"]

1. d4 d6 2. Nf3 Nf6 3. Bg5 Bg4 4. Nbd2 Nbd7 5. e3 e6 6. Bd3 Be7 7. c3 g6 8.
h3 Bxf3 9. Nxf3 O-O 10. O-O c6 11. Re1 e5 12. dxe5 dxe5 13. Bc4 e4 14. Nd2
Re8 15. Rc1 Nb6 16. Bxf6 Bxf6 17. Bb3 Qe7 18. Qe2 Rad8 19. Bc2 Nd7 20. Nxe4
Bg7 21. Rcd1 Nf6 22. Nxf6+ Bxf6 23. Qc4 Rxd1 24. Rxd1 Qe6 25. Qxe6 Rxe6 26.
Rd7 Re7 27. Rxe7 Bxe7 28. Kf1 b6 29. Ke2 h6 30. Bb3 Kg7 31. e4 g5 32. g4
Kf6 33. Kd3 Bc5 34. f3 Ke7 35. c4 f6 36. Ba4 Kd6 37. a3 a6 38. b4 Bf2 39.
Bc2 c5 40. b5 a5 41. a4 Bg3 42. Ke2 Ke5 43. Ke3 Bf4+ 44. Kf2 Kd4 45. Bb3
Kc3 46. Bd1 Kxc4 47. Ke2 Kd4 48. Bc2 Kc3 49. Bd1 c4 50. Ke1 Kb2 51. Ke2 c3
52. Kd3 Be5 53. Bc2 Bf4 54. Bd1 Be5 55. Bc2 Bf4 { Game drawn by mutual
agreement } 1/2-1/2

[Event "ICC tourney 2499 (45 10)"]
[Site "Internet Chess Club"]
[Date "2021.04.10"]
[Round "1"]
[White "SCHWARTZ, DOUGLAS S:Douglas1"]
[Black "SATHYAN, TEJESH MAYURAN:tjsathyan"]
[Result "1-0"]
[ICCResult "Black checkmated"]
[WhiteElo "1011"]
[BlackElo "1307"]
[Opening "Sicilian: accelerated fianchetto, modern variation"]
[ECO "B34"]
[NIC "SI.33"]
[Time "11:02:17"]
[PlyCount "65"]
[TimeControl "2700+10"]

1. e4 c5 2. Nf3 Nc6 3. d4 cxd4 4. Nxd4 g6 5. Nc3 Bg7 6. Nxc6 bxc6 7. Bc4 e6
8. O-O d5 9. exd5 cxd5 10. Nxd5 exd5 11. Bxd5 Be6 12. Bxa8 Qxa8 13. Re1 Nf6
14. Qd6 Ne4 15. Qb4 Nf6 16. Bf4 Nd5 17. Qa4+ Kf8 18. Bg3 Kg8 19. Rad1 Bxb2
20. Rxe6 fxe6 21. Qd7 Nf6 22. Qxe6+ Kg7 23. Qe7+ Kh6 24. Bf4+ g5 25. Rd6
Rf8 26. c3 Bxc3 27. Bd2 Qe8 28. Qxe8 Rxe8 29. Bxc3 Kh5 30. Rxf6 Rc8 31. f3
Rxc3 32. g4+ Kh4 33. Rh6# { Black checkmated } 1-0

[Event "ICC tourney 2499 (45 10)"]
[Site "Internet Chess Club"]
[Date "2021.04.10"]
[Round "1"]
[White "QI, JENNY:eevee11"]
[Black "Nagarajan, Ramesh:rnagaraj"]
[Result "0-1"]
[ICCResult "White checkmated"]
[WhiteElo "1082"]
[BlackElo "1428"]
[Opening "Ruy Lopez: old Steinitz defense"]
[ECO "C62"]
[NIC "RL.02"]
[Time "11:02:51"]
[PlyCount "116"]
[TimeControl "2700+10"]

1. e4 e5 2. Nf3 Nc6 3. Bb5 d6 4. d4 exd4 5. Nxd4 Bd7 6. O-O Be7 7. Be3 Nf6
8. Nc3 O-O 9. Nxc6 Bxc6 10. Bxc6 bxc6 11. Qd3 Ng4 12. Bf4 Bf6 13. Rfe1 Re8
14. Qc4 Qd7 15. Rad1 Re7 16. Bg3 Ne5 17. Qa4 c5 18. Qxd7 Rxd7 19. Nd5 Rb8
20. Nxf6+ gxf6 21. b3 Nc6 22. a3 Nd4 23. Rd2 Re7 24. f4 Rbe8 25. Bf2 Rxe4
26. Rxe4 Rxe4 27. Bxd4 cxd4 28. g3 f5 29. Kf2 h5 30. Re2 d5 31. Rxe4 fxe4
32. Ke2 f5 33. Kd2 Kf7 34. h4 a5 35. Ke2 c6 36. Kd2 Kf6 37. Ke2 c5 38. Kd2
e3+ 39. Ke2 Ke6 40. Kd3 c4+ 41. bxc4 dxc4+ 42. Ke2 Kd5 43. c3 Ke4 44. cxd4
Kxd4 45. Ke1 Ke4 46. Ke2 c3 47. Kd1 Kf3 48. Kc2 Kxg3 49. Kxc3 Kxf4 50. Kd3
Kf3 51. a4 Kf2 52. Kc2 e2 53. Kd2 e1=Q+ 54. Kc2 Ke3 55. Kb2 Kd3 56. Ka2 Qb4
57. Ka1 Kc2 58. Ka2 Qb2# { White checkmated } 0-1

[Event "ICC tourney 2499 (45 10)"]
[Site "Internet Chess Club"]
[Date "2021.04.10"]
[Round "1"]
[White "FANG, ETHAN GAO:exitixYT"]
[Black "Kirumaki, Shreya A:Chesspenguin123"]
[Result "1-0"]
[ICCResult "Black resigns"]
[WhiteElo "1450"]
[BlackElo "1129"]
[Opening "Queen's pawn game"]
[ECO "A50"]
[NIC "QP.07"]
[Time "11:02:14"]
[PlyCount "75"]
[TimeControl "2700+10"]

1. d4 Nf6 2. c4 c6 3. Nc3 d5 4. Bg5 Nbd7 5. e3 h6 6. Bh4 g5 7. Bg3 Bg7 8.
Bd3 O-O 9. Nf3 Re8 10. Qb3 e6 11. O-O-O Qa5 12. Ne5 Rd8 13. f4 c5 14. fxg5
hxg5 15. h4 Bh6 16. hxg5 Bxg5 17. Bf4 Bxf4 18. exf4 cxd4 19. Nb5 dxc4 20.
Qxc4 a6 21. Nc7 Ra7 22. Nxe6 Nxe5 23. fxe5 Bxe6 24. Qc2 Rc8 25. Qxc8+ Bxc8
26. exf6 Bf5 27. Kb1 Bxd3+ 28. Rxd3 Qf5 29. Rd1 b5 30. g4 Qe4 31. Ka1 Rd7
32. g5 Qg4 33. Re1 Rd8 34. a3 Qxg5 35. Rf1 Qc5 36. Rh3 d3 37. Rfh1 Qc1+ 38.
Rxc1 { Black resigns } 1-0

[Event "ICC tourney 2499 (45 10)"]
[Site "Internet Chess Club"]
[Date "2021.04.10"]
[Round "1"]
[White "ZHOU, GREG:joeandjoe28"]
[Black "GUO, MAX:salamenceg"]
[Result "1-0"]
[ICCResult "Black resigns"]
[WhiteElo "1413"]
[BlackElo "1076"]
[Opening "Ruy Lopez: 5.O-O"]
[ECO "C78"]
[NIC "RL.12"]
[Time "11:02:25"]
[PlyCount "129"]
[TimeControl "2700+10"]

1. e4 e5 2. Nf3 Nc6 3. Bb5 a6 4. Ba4 Nf6 5. O-O b5 6. Bb3 Be7 7. d4 d6 8.
dxe5 Nxe5 9. Nxe5 dxe5 10. Qxd8+ Bxd8 11. Re1 c5 12. c4 Ba5 13. Bd2 b4 14.
Ba4+ Ke7 15. Be3 Bb6 16. Nd2 Ng4 17. Rad1 Nxe3 18. Rxe3 Rd8 19. Kf1 a5 20.
Bc6 Rb8 21. Bd5 f6 22. Nf3 Ba6 23. b3 a4 24. Red3 a3 25. Nh4 g6 26. Rh3 Bc8
27. Rg3 Bd7 28. Nf3 g5 29. h3 Bc7 30. Nh2 h5 31. h4 g4 32. Re3 Be6 33. Ke1
Rd6 34. Nf1 Bxd5 35. Rxd5 Rbd8 36. Ng3 Rxd5 37. exd5 Kf7 38. Rd3 Bd6 39.
Nf5 Kg6 40. Nxd6 Rxd6 41. Ke2 f5 42. f3 Rd8 43. Ke3 Kf6 44. fxg4 hxg4 45.
g3 Rd6 46. Rd2 Kg6 47. Rh2 Kh5 48. Rf2 Kg6 49. Rh2 Kh5 50. Kd2 Rd8 51. Rf2
Kg6 52. Re2 Kf6 53. Rh2 Rh8 54. Ke3 e4 55. h5 Rh6 56. Kf4 Rh8 57. h6 Re8
58. h7 Rh8 59. Rh6+ Kg7 60. Rh5 Kg6 61. Rg5+ Kxh7 62. Rh5+ Kg7 63. Rxh8
Kxh8 64. d6 Kg7 65. d7 { Black resigns } 1-0

[Event "ICC tourney 2499 (45 10)"]
[Site "Internet Chess Club"]
[Date "2021.04.10"]
[Round "1"]
[White "SHAKIROV, DIYOR:Diyor"]
[Black "KARLIN, ARI Z.:arikarlin1"]
[Result "0-1"]
[ICCResult "White checkmated"]
[WhiteElo "1169"]
[BlackElo "259"]
[Opening "Sicilian defense"]
[ECO "B30"]
[NIC "SI.31"]
[Time "11:02:26"]
[PlyCount "80"]
[TimeControl "2700+10"]

1. e4 c5 2. Nf3 Nc6 3. c3 e6 4. d4 cxd4 5. cxd4 d5 6. e5 a6 7. Bd3 Nge7 8.
O-O Ng6 9. Nc3 Be7 10. Bd2 f6 11. exf6 Bxf6 12. Ne2 e5 13. dxe5 Ncxe5 14.
Nxe5 Bxe5 15. Bxg6+ hxg6 16. g3 Bg4 17. Qa4+ Bd7 18. Qb3 Bc6 19. Nf4 Kf7
20. Rfe1 Bf6 21. Qd3 g5 22. Qg6+ Kg8 23. Ne6 Qe8 24. Qf5 Qh5 25. h3 d4 26.
Nxg5 Bxg5 27. Bxg5 Qxh3 28. Qxh3 Rxh3 29. Kf1 d3 30. f4 Rxg3 31. Red1 Re8
32. Re1 Ree3 33. Rxe3 Rxe3 34. Rd1 Bb5 35. b3 d2+ 36. Kg1 Re1+ 37. Rxe1
dxe1=Q+ 38. Kh2 Qf2+ 39. Kh3 Bd7+ 40. f5 Bxf5# { White checkmated } 0-1

[Event "ICC tourney 2499 (45 10)"]
[Site "Internet Chess Club"]
[Date "2021.04.10"]
[Round "1"]
[White "JOHNSON, WILL:ChemStud24"]
[Black "procopio, Patti:prostripe"]
[Result "1/2-1/2"]
[ICCResult "Game drawn by repetition"]
[WhiteElo "1473"]
[BlackElo "1159"]
[Opening "Caro-Kann defense"]
[ECO "B15"]
[NIC "CK.05"]
[Time "11:02:09"]
[PlyCount "188"]
[TimeControl "2700+10"]

1. e4 c6 2. d4 d5 3. Nc3 e6 4. Bd3 Nd7 5. Nf3 Ne7 6. O-O Ng6 7. h4 Nxh4 8.
Re1 Bb4 9. exd5 cxd5 10. Ng5 Ng6 11. Nxe6 fxe6 12. Rxe6+ Kf7 13. Qf3+ Nf6
14. Re5 Nxe5 15. dxe5 Bxc3 16. bxc3 Be6 17. exf6 Qxf6 18. Qxf6+ gxf6 19.
Rb1 b6 20. Bf4 Rac8 21. Bd2 h5 22. Re1 Rce8 23. Re3 Bd7 24. Rg3 Rhg8 25.
Rf3 Rg4 26. Be3 Reg8 27. g3 h4 28. Bf4 hxg3 29. fxg3 Re8 30. Kf2 Rgg8 31.
Be3 Bg4 32. Rf4 f5 33. c4 Rh8 34. Bd4 Rh2+ 35. Kg1 Rh3 36. Kg2 dxc4 37.
Bxf5 Re2+ 38. Kf1 Rh1+ 39. Bg1 Rxg1+ 40. Kxg1 Bxf5 41. Rxf5+ Kg6 42. Rf2
Re3 43. Kg2 Rc3 44. a4 Ra3 45. Rd2 Rxa4 46. Rd4 b5 47. Kh3 c3 48. Rd6+ Kg5
49. Rd5+ Kf6 50. Rxb5 Ra2 51. Kg4 Rxc2 52. Ra5 Rd2 53. Rxa7 c2 54. Rc7 Ke6
55. Rc3 Kd5 56. Rc8 Re2 57. Kf3 Rh2 58. Ke3 Rg2 59. Kf3 Rh2 60. Ke3 Ke5 61.
Kd3 Rg2 62. Rxc2 Rxg3+ 63. Kd2 Kd4 64. Rc8 Rg2+ 65. Ke1 Kd3 66. Kf1 Ra2 67.
Rd8+ Ke3 68. Re8+ Kf3 69. Rf8+ Ke4 70. Re8+ Kd5 71. Rd8+ Ke6 72. Re8+ Kd7
73. Re2 Ra1+ 74. Kf2 Ra6 75. Rd2+ Ke7 76. Re2+ Kf6 77. Kf3 Kf5 78. Rh2 Ra3+
79. Kf2 Kg4 80. Rh8 Rf3+ 81. Kg2 Rg3+ 82. Kf2 Ra3 83. Rg8+ Kf4 84. Rf8+ Kg5
85. Rg8+ Kh4 86. Rg7 Ra2+ 87. Kf3 Ra3+ 88. Kf4 Ra4+ 89. Kf3 Ra3+ 90. Kf4
Ra4+ 91. Kf3 Ra3+ 92. Kf4 Ra4+ 93. Kf3 Ra3+ 94. Kf4 Ra4+ { Game drawn by
repetition } 1/2-1/2

[Event "ICC tourney 2499 (45 10)"]
[Site "Internet Chess Club"]
[Date "2021.04.10"]
[Round "2"]
[White "BASHUR, MICHAEL:MBashur"]
[Black "KINKUS, SAM E:Grandslam34"]
[Result "1-0"]
[ICCResult "Black resigns"]
[WhiteElo "1031"]
[BlackElo "519"]
[Opening "Queen's pawn"]
[ECO "A40"]
[NIC "QO.17"]
[Time "13:31:31"]
[PlyCount "53"]
[TimeControl "2700+10"]

1. d4 c6 2. Bf4 d6 3. e3 Qc7 4. Nf3 Bg4 5. Be2 Bxf3 6. Bxf3 Nd7 7. Nd2 Ngf6
8. h3 e5 9. dxe5 Nxe5 10. Bxe5 dxe5 11. O-O Bd6 12. Ne4 Nxe4 13. Bxe4 O-O
14. Qf3 g6 15. c4 f5 16. Bc2 e4 17. Qe2 Rae8 18. b3 f4 19. exf4 Bxf4 20.
Rad1 e3 21. fxe3 Re4 22. Kh1 Rxe3 23. Qg4 Rf7 24. Rf2 Rg3 25. Qe2 Qe7 26.
Qxe7 Rxe7 27. Rxf4 { Black resigns } 1-0

[Event "ICC tourney 2499 (45 10)"]
[Site "Internet Chess Club"]
[Date "2021.04.10"]
[Round "2"]
[White "STONE, GILBERT L:tightfist"]
[Black "PARK, COLIN:collywog"]
[Result "1-0"]
[ICCResult "Black resigns"]
[WhiteElo "1450"]
[BlackElo "1135"]
[Opening "Queen's pawn game, Chigorin variation"]
[ECO "A04"]
[NIC "QP.11"]
[Time "13:31:16"]
[PlyCount "53"]
[TimeControl "2700+10"]

1. Nf3 Nc6 2. d4 d5 3. c4 e6 4. e3 Na5 5. cxd5 exd5 6. Nc3 Nf6 7. Bd3 Bb4
8. Qa4+ Nc6 9. O-O O-O 10. Bb5 Bd7 11. Bxc6 Bxc3 12. Bxd7 Qxd7 13. Qxd7
Nxd7 14. bxc3 Nf6 15. Rb1 b6 16. Ba3 Rfe8 17. Ne5 Ne4 18. Rfc1 Nd2 19. Rb2
Nc4 20. Nxc4 dxc4 21. Rb4 Re6 22. Rxc4 c6 23. Rb4 Rd8 24. c4 Red6 25. c5
Rd5 26. Ra4 bxc5 27. Bxc5 { Black resigns } 1-0

[Event "ICC tourney 2499 (45 10)"]
[Site "Internet Chess Club"]
[Date "2021.04.10"]
[Round "2"]
[White "GUO, MAX:salamenceg"]
[Black "SHAKIROV, DIYOR:Diyor"]
[Result "0-1"]
[ICCResult "White checkmated"]
[WhiteElo "1076"]
[BlackElo "1169"]
[Opening "Sicilian: dragon, classical attack"]
[ECO "B72"]
[NIC "SI.16"]
[Time "13:31:20"]
[PlyCount "122"]
[TimeControl "2700+10"]

1. e4 c5 2. Nf3 d6 3. d4 cxd4 4. Nxd4 g6 5. Nc3 Bg7 6. Be3 Nf6 7. Be2 O-O
8. Qd2 Nc6 9. Nb3 Nb4 10. a3 Nc6 11. O-O-O Be6 12. h4 h5 13. Nd4 Nxd4 14.
Bxd4 a6 15. f3 b5 16. Bxf6 Bxf6 17. g4 Qa5 18. gxh5 Bxc3 19. Qxc3 Qxc3 20.
bxc3 gxh5 21. Rhg1+ Kh7 22. Rg5 Kh6 23. f4 Bg4 24. Bxg4 hxg4 25. Rdd5 f6
26. Rxg4 Rg8 27. Rxg8 Rxg8 28. e5 dxe5 29. fxe5 Rg4 30. Rd4 Rxd4 31. cxd4
fxe5 32. dxe5 Kg6 33. Kd2 Kf5 34. h5 Kxe5 35. Ke3 Kf6 36. Kf4 a5 37. h6 b4
38. h7 Kg7 39. a4 Kxh7 40. Kf5 Kg7 41. Ke6 Kf8 42. Kd5 Kf7 43. Kc5 e5 44.
Kd5 Kf6 45. Ke4 Ke6 46. Ke3 Kd5 47. Kd3 e4+ 48. Ke3 Ke5 49. Ke2 Kd4 50. Kd2
e3+ 51. Ke2 Kc3 52. Kxe3 Kxc2 53. Kd4 b3 54. Kc4 b2 55. Kb5 b1=Q+ 56. Kxa5
Kc3 57. Ka6 Kc4 58. a5 Kc5 59. Ka7 Kc6 60. a6 Kc7 61. Ka8 Qb8# { White
checkmated } 0-1

[Event "ICC tourney 2499 (45 10)"]
[Site "Internet Chess Club"]
[Date "2021.04.10"]
[Round "2"]
[White "Nagarajan, Ramesh:rnagaraj"]
[Black "DONAYRE, LUCA ALONSO:Ldon22"]
[Result "0-1"]
[ICCResult "White resigns"]
[WhiteElo "1428"]
[BlackElo "1046"]
[Opening "Sicilian: Grand Prix attack"]
[ECO "B21"]
[NIC "SI.48"]
[Time "13:31:11"]
[PlyCount "72"]
[TimeControl "2700+10"]

1. e4 c5 2. f4 Nc6 3. Nf3 d6 4. Bc4 e6 5. Nc3 Nge7 6. d4 cxd4 7. Nxd4 d5 8.
exd5 Nxd5 9. Bd2 Nxd4 10. O-O Nxc3 11. Bxc3 Nc6 12. Qh5 Qe7 13. f5 Qc5+ 14.
Kh1 Qxc4 15. fxe6 Bxe6 16. Rad1 Qg4 17. Qb5 Qc4 18. Qxb7 Rb8 19. Qc7 Rd8
20. Rde1 Be7 21. Bxg7 Rg8 22. Be5 Nxe5 23. Qxe5 Qd5 24. Qe2 Qd2 25. Qb5+
Bd7 26. Qb7 Qxc2 27. a3 Qc6 28. Qxc6 Bxc6 29. Rg1 Rd2 30. b4 Bxg2+ 31. Rxg2
Rgxg2 32. h4 Rge2 33. Rb1 Bxh4 34. a4 Rb2 35. Rxb2 Rxb2 36. b5 Kd7 { White
resigns } 0-1

[Event "ICC tourney 2499 (45 10)"]
[Site "Internet Chess Club"]
[Date "2021.04.10"]
[Round "2"]
[White "CAI, ALAN ZHUOCHENG:flying-ninja"]
[Black "SCHWARTZ, DOUGLAS S:Douglas1"]
[Result "0-1"]
[ICCResult "White resigns"]
[WhiteElo "1276"]
[BlackElo "1011"]
[Opening "Ruy Lopez: classical defense, 4.c3"]
[ECO "C64"]
[NIC "RL.01"]
[Time "13:31:11"]
[PlyCount "50"]
[TimeControl "2700+10"]

1. e4 e5 2. Nf3 Nc6 3. Bb5 Bc5 4. c3 Nf6 5. d4 exd4 6. cxd4 Bb4+ 7. Bd2
Nxe4 8. Bxc6 Nxd2 9. Bxd7+ Qxd7 10. Nbxd2 O-O 11. O-O b6 12. Nb3 Ba6 13.
Ne5 Qf5 14. g4 Qe4 15. f3 Qd5 16. Rf2 Rfe8 17. Nd3 Bxd3 18. Qxd3 Rad8 19.
Qc2 Bd6 20. Qd2 c5 21. Rd1 cxd4 22. Qxd4 Qxd4 23. Nxd4 Bc5 24. Rfd2 Rxd4
25. Rxd4 Rd8 { White resigns } 0-1

[Event "ICC tourney 2499 (45 10)"]
[Site "Internet Chess Club"]
[Date "2021.04.10"]
[Round "2"]
[White "KARLIN, ARI Z.:arikarlin1"]
[Black "McQuillin, Danil Alsandair:DanilMcQuillin"]
[Result "0-1"]
[ICCResult "White resigns"]
[WhiteElo "259"]
[BlackElo "1193"]
[Opening "Giuoco Pianissimo"]
[ECO "C55"]
[NIC "IG.01"]
[Time "13:31:09"]
[PlyCount "68"]
[TimeControl "2700+10"]

1. e4 e5 2. Nf3 Nc6 3. Bc4 Nf6 4. d3 Bc5 5. Bg5 d6 6. h3 Na5 7. Bb3 Nxb3 8.
axb3 O-O 9. O-O h6 10. Bh4 Re8 11. Nbd2 c6 12. c3 d5 13. exd5 cxd5 14. Re1
Bd6 15. c4 Bf5 16. d4 e4 17. Nh2 Qc7 18. Nhf1 g5 19. Bg3 Bg6 20. Bxd6 Qxd6
21. Ng3 e3 22. Ndf1 exf2+ 23. Kxf2 Qf4+ 24. Kg1 Rxe1 25. Qxe1 Qxd4+ 26. Kh1
Qxb2 27. cxd5 Nxd5 28. Ra5 Nf4 29. Ne3 Re8 30. Ngf1 Nxg2 31. Qg3 Nxe3 32.
Nxe3 Qc1+ 33. Kg2 Be4+ 34. Kf2 Qd2+ { White resigns } 0-1

[Event "ICC tourney 2499 (45 10)"]
[Site "Internet Chess Club"]
[Date "2021.04.10"]
[Round "2"]
[White "SATHYAN, TEJESH MAYURAN:tjsathyan"]
[Black "DEL TORA, MIGUEL:mdeltoro11"]
[Result "1-0"]
[ICCResult "Black resigns"]
[WhiteElo "1307"]
[BlackElo "991"]
[Opening "Ruy Lopez: Berlin defense, Beverwijk variation"]
[ECO "C64"]
[NIC "RL.01"]
[Time "13:31:17"]
[PlyCount "55"]
[TimeControl "2700+10"]

1. e4 e5 2. Nf3 Nc6 3. Bb5 Bc5 4. O-O Nf6 5. Nxe5 Nxe5 6. d4 Bb6 7. dxe5
Nxe4 8. Qf3 Ng5 9. Qg4 Ne6 10. Kh1 O-O 11. f4 Nd4 12. Bd3 d6 13. Qh5 g6 14.
Qh6 Bf5 15. Bxf5 Nxf5 16. Qh3 Nd4 17. Na3 a6 18. c3 Nf5 19. g4 Nh4 20. f5
dxe5 21. c4 Bc5 22. f6 b5 23. Qxh4 bxc4 24. Kg2 Qd5+ 25. Kg3 Qd3+ 26. Rf3
Qd1 27. Qh6 Qg1+ 28. Kh3 { Black resigns } 1-0